Blackhawks vs Stars
(R1)
Created - 5 février 2017 at 23:32
Goals
|
| Blackhawks |
0 |
2 |
2 |
4 |
| Stars |
0 |
0 |
3 |
3 |
|
Shots
|
| Blackhawks |
4 |
10 |
10 |
24 |
| Stars |
8 |
6 |
22 |
36 |
|
1st period
No Goal
Penalties :
Jonathan Toews (Chi) for High sticking (Minor) at 1:26, Tomas Fleischmann (Chi) for High sticking (Minor) at 5:38, Peter Regin (Chi) for Tripping (Minor) at 13:03, Andrei Markov (Dal) for Hooking (Minor) at 17:39
2nd period
1. Blackhawks , Derick Brassard 26 (Patrick Kane) at 2:40
2. Blackhawks , Ryan Hollweg 8 (Niclas Bergfors, Jonathan Toews) at 14:16
Penalties :
Andrei Markov (Dal) for Tripping (Minor) at 5:05, Ryan Getzlaf (Dal) for Holding Stick (Minor) at 15:00, Dave Tanabe (Chi) for Holding (Minor) at 18:18
3rd period
3. Stars , Evgeny Artyukhin 9 (Johnny Oduya, John Tavares) at 2:39
4. Blackhawks , Jonathan Toews 16 (Ryan Hollweg) at 6:56
5. Stars , Marcus Kruger 4 (Peter Worrell, Andrei Markov) at 8:14
6. Blackhawks , Antoine Roussel 17 (Derick Brassard) at 15:38
7. Stars , Scott Hartnell 15 (John Tavares) at 19:03 (PP)
Penalties :
Derick Brassard (Chi) for Hooking (Minor) at 3:18, Brian Lee (Dal) for High sticking (Minor) at 3:24, Scott Hartnell (Dal) for Tripping (Minor) at 12:13, Peter Regin (Chi) for Roughing (Minor) at 14:42, Erik Karlsson (Dal) for Tripping (Minor) at 15:36, Derick Brassard (Chi) for Hooking (Minor) at 18:55
Goalie Stats
Al Montoya (Chi), 33 saves from 36 shots - (0,917), W, 3-3-0, 60:00 minutes
Pascal Leclaire (Dal), 20 saves from 24 shots - (0,833), L, 16-14-1, 59:18 minutes
Players Stats for Blackhawks
Player Name G A P +/- PIM S H SB GA TA FO MP PP MP PK MP
------------------------------------------------------------------------------------
Antoine Roussel 1 0 1 2 0 1 6 3 0 0 2/5 22:39 4:09 2:09
Brendan Bell 0 0 0 0 0 0 3 1 0 1 0/0 12:41 0:00 3:17
Carson Mcmillan 0 0 0 0 0 0 1 0 0 0 0/0 6:53 0:00 0:00
Dave Tanabe 0 0 0 0 2 3 0 0 0 1 0/0 15:39 3:31 0:54
Denis Grebeshkov 0 0 0 1 0 3 0 4 0 2 0/0 20:50 3:50 2:08
Derick Brassard 1 1 2 2 4 1 1 0 0 0 10/16 18:35 4:16 0:00
Ian White 0 0 0 1 0 0 2 2 0 0 0/0 23:56 5:06 0:25
Jonathan Toews 1 1 2 2 2 3 3 0 0 0 5/12 17:39 3:54 2:45
Joni Pitkanen 0 0 0 1 0 0 0 3 1 4 0/0 28:47 5:06 5:54
Kurt Sauer 0 0 0 1 0 0 1 2 0 0 0/0 18:10 0:19 5:30
Kyle Brodziak 0 0 0 0 0 2 1 0 1 0 1/1 7:16 0:00 0:23
Niclas Bergfors 0 1 1 2 0 3 1 0 2 0 1/3 14:06 4:42 0:00
Oleg Saprykin 0 0 0 0 0 0 2 0 0 1 0/0 13:22 0:06 5:11
Patrick Kaleta 0 0 0 -2 0 2 0 0 0 0 2/2 11:50 0:10 3:21
Patrick Kane 0 1 1 1 0 1 0 0 0 0 0/2 18:16 3:44 0:00
Peter Regin 0 0 0 -2 4 2 3 1 0 0 4/13 13:21 0:52 3:13
Ryan Hollweg 1 1 2 2 0 2 2 1 0 0 1/1 14:15 3:54 1:06
Tomas Fleischmann 0 0 0 -2 2 1 1 0 0 0 0/1 9:36 1:01 0:00
Players Stats for Stars
Player Name G A P +/- PIM S H SB GA TA FO MP PP MP PK MP
------------------------------------------------------------------------------------
Andrei Markov 0 1 1 1 4 4 2 0 1 1 0/0 20:46 4:00 2:27
Anthony Stewart 0 0 0 0 0 0 0 0 0 0 0/0 6:28 0:16 0:00
Brian Lee 0 0 0 -3 2 1 1 3 0 0 0/0 23:57 5:03 0:34
Chris Kunitz 0 0 0 0 0 1 0 0 0 0 0/1 9:04 0:24 2:15
Erik Karlsson 0 0 0 -3 2 3 0 0 1 0 0/0 22:21 5:03 1:46
Evgeny Artyukhin 1 0 1 0 0 2 2 1 1 0 1/1 12:27 2:48 0:00
John Tavares 0 2 2 -3 0 10 2 0 4 1 15/27 21:20 5:26 0:32
Johnny Oduya 0 1 1 2 0 1 0 0 0 0 0/0 20:57 0:00 4:25
Marcus Kruger 1 0 1 1 0 3 0 0 0 0 3/4 11:29 0:07 2:11
Michal Handzus 0 0 0 0 0 2 0 0 0 0 3/6 12:19 0:37 4:56
Patrick Marleau 0 0 0 -1 0 0 2 0 0 0 0/0 20:10 2:21 4:27
Peter Worrell 0 1 1 1 0 1 0 1 0 0 1/1 13:39 0:00 3:25
Radim Vrbata 0 0 0 -2 0 2 3 0 0 1 1/2 18:16 5:55 0:00
Ryan Getzlaf 0 0 0 0 2 0 2 0 0 1 5/11 13:38 2:41 0:00
Scott Hartnell 1 0 1 -2 2 2 2 0 0 0 1/2 19:14 5:55 0:06
Shaone Morrisonn 0 0 0 0 0 1 0 1 0 0 0/0 15:37 0:00 4:37
T.J. Oshie 0 0 0 1 0 2 0 0 1 0 0/1 8:48 0:42 0:00
Trevor Daley 0 0 0 -1 0 1 1 1 1 0 0/0 17:30 4:00 4:03
3 Stars
1 - Antoine Roussel (Chi)
2 - Ryan Hollweg (Chi)
3 - Jonathan Toews (Chi)
Power Play
Blackhawks - 0 on 6 Attempt(s) - 0,00%
Stars - 1 on 7 Attempt(s) - 14,29%
Penalty Kill
Blackhawks - 6 on 7 Attempt(s) - 85,71%
- Score 0 goal in Penalty Kill
Stars - 6 on 6 Attempt(s) - 100,00%
- Score 0 goal in Penalty Kill
Team Stat
Blackhawks - Hits : 27 - Faceoff Wins : 26 - Blocked Shots : 17 - Penalty Minutes : 14
Stars - Hits : 17 - Faceoff Wins : 30 - Blocked Shots : 7 - Penalty Minutes : 12
Official
Referees : O'Halloran Dan and Hasenfratz Mike
Linesman : Tim Nowak and Jay Sharrers
Game Notes
No Game Note
Finance
Level 1 -- Attendance: 6000 (100,00%) -- Ticket Income 450 000 $
Level 2 -- Attendance: 3800 (76,00%) -- Ticket Income 209 000 $
Level 3 -- Attendance: 1516 (75,80%) -- Ticket Income 53 060 $
Level 4 -- Attendance: 3100 (77,50%) -- Ticket Income 77 500 $
Luxury Box -- Attendance: 960 (96,00%) -- Ticket Income 120 000 $
Game was played at the American Airlines Center.
Total Attendance: 15376 (85,42%)
Total Ticket Income: 909 560 $
Other Income: 136 434 $
Total Income: 1 045 994 $
Blackhawks
5 vs 5 Forward
Center Left Wing Right Wing Time % Phy DF OF
1 Derick Brassard Antoine Roussel Patrick Kane 40 1 2 2
2 Jonathan Toews Ryan Hollweg Niclas Bergfors 30 1 2 2
3 Peter Regin Tomas Fleischmann Patrick Kaleta 20 1 2 2
4 Kyle Brodziak Oleg Saprykin Carson Mcmillan 10 1 2 2
5 vs 5 Defense
Defense Defense Time % Phy DF OF
1 Ian White Joni Pitkanen 40 1 2 2
2 Kurt Sauer Denis Grebeshkov 30 1 2 2
3 Dave Tanabe Brendan Bell 20 1 2 2
4 Ian White Joni Pitkanen 10 1 2 2
PowerPlay Forward
Center Left Wing Right Wing Time % Phy DF OF
1 Derick Brassard Antoine Roussel Niclas Bergfors 60 1 2 2
2 Jonathan Toews Ryan Hollweg Patrick Kane 40 1 2 2
PowerPlay Defense
Defense Defense Time % Phy DF OF
1 Ian White Joni Pitkanen 60 1 2 2
2 Dave Tanabe Denis Grebeshkov 40 1 2 2
Penalty Kill 4 Players Forward
Center Wing Time % Phy DF OF
1 Peter Regin Oleg Saprykin 60 1 2 2
2 Jonathan Toews Antoine Roussel 40 1 2 2
Penalty Kill 4 Players Defense
Defense Defense Time % Phy DF OF
1 Kurt Sauer Joni Pitkanen 60 1 2 2
2 Brendan Bell Denis Grebeshkov 40 1 2 2
Penalty Kill - 3 Players Forward
Forward Time % Phy DF OF
1 Peter Regin 60 1 2 2
2 Jonathan Toews 40 1 2 2
Penalty Kill - 3 Players Defense
Defense Defense Time % Phy DF OF
1 Kurt Sauer Joni Pitkanen 60 1 2 2
2 Brendan Bell Denis Grebeshkov 40 1 2 2
4 vs 4 Forward
Center Wing Time % Phy DF OF
1 Derick Brassard Antoine Roussel 60 1 2 2
2 Jonathan Toews Patrick Kane 40 1 2 2
4 vs 4 Defense
Defense Defense Time % Phy DF OF
1 Ian White Joni Pitkanen 60 1 2 2
2 Kurt Sauer Denis Grebeshkov 40 1 2 2
Last Minutes Offensive
Center Left Wing Right Wing Defense Defense
Derick Brassard Antoine Roussel Patrick Kane Ian White Joni Pitkanen
Last Minutes Defensive
Center Left Wing Right Wing Defense Defense
Jonathan Toews Antoine Roussel Patrick Kane Ian White Joni Pitkanen
Goaltenders
Starting : Al Montoya
Backup : Jimmy Howard
Extra Forwards
Normal : Tomas Fleischmann, Peter Regin, Patrick Kaleta - PP : Tomas Fleischmann, Peter Regin - PK : Patrick Kaleta
Extra Defensemen
Normal : Joni Pitkanen, Denis Grebeshkov, Kurt Sauer - PP : Joni Pitkanen - PK : Denis Grebeshkov, Kurt Sauer
Penalty Shots
Patrick Kane, Derick Brassard, Jonathan Toews, Niclas Bergfors, Antoine Roussel
Stars
5 vs 5 Forward
Center Left Wing Right Wing Time % Phy DF OF
1 John Tavares Scott Hartnell Radim Vrbata 36 1 2 2
2 Ryan Getzlaf Patrick Marleau Evgeny Artyukhin 30 1 2 2
3 Marcus Kruger Peter Worrell T.J. Oshie 20 1 2 2
4 Michal Handzus Chris Kunitz Anthony Stewart 14 1 2 2
5 vs 5 Defense
Defense Defense Time % Phy DF OF
1 Brian Lee Erik Karlsson 40 1 2 2
2 Andrei Markov Johnny Oduya 30 1 2 2
3 Shaone Morrisonn Trevor Daley 20 1 2 2
4 Shaone Morrisonn Trevor Daley 10 1 2 2
PowerPlay Forward
Center Left Wing Right Wing Time % Phy DF OF
1 John Tavares Scott Hartnell Radim Vrbata 60 1 2 2
2 Ryan Getzlaf Patrick Marleau Evgeny Artyukhin 40 1 2 2
PowerPlay Defense
Defense Defense Time % Phy DF OF
1 Brian Lee Erik Karlsson 60 1 2 2
2 Trevor Daley Andrei Markov 40 1 2 2
Penalty Kill 4 Players Forward
Center Wing Time % Phy DF OF
1 Michal Handzus Patrick Marleau 60 1 2 2
2 Marcus Kruger Peter Worrell 40 1 2 2
Penalty Kill 4 Players Defense
Defense Defense Time % Phy DF OF
1 Andrei Markov Johnny Oduya 60 1 2 2
2 Shaone Morrisonn Trevor Daley 40 1 2 2
Penalty Kill - 3 Players Forward
Forward Time % Phy DF OF
1 John Tavares 60 1 2 2
2 Patrick Marleau 40 1 2 2
Penalty Kill - 3 Players Defense
Defense Defense Time % Phy DF OF
1 Brian Lee Johnny Oduya 60 1 2 2
2 Trevor Daley Andrei Markov 40 1 2 2
4 vs 4 Forward
Center Wing Time % Phy DF OF
1 John Tavares Patrick Marleau 60 1 2 2
2 Peter Worrell Scott Hartnell 40 1 2 2
4 vs 4 Defense
Defense Defense Time % Phy DF OF
1 Brian Lee Johnny Oduya 60 1 2 2
2 Trevor Daley Andrei Markov 40 1 2 2
Last Minutes Offensive
Center Left Wing Right Wing Defense Defense
John Tavares Patrick Marleau Radim Vrbata Brian Lee Johnny Oduya
Last Minutes Defensive
Center Left Wing Right Wing Defense Defense
John Tavares Patrick Marleau Radim Vrbata Brian Lee Johnny Oduya
Goaltenders
Starting : Pascal Leclaire
Backup : Miika Kiprusoff
Extra Forwards
Normal : Marcus Kruger, Michal Handzus, Chris Kunitz - PP : T.J. Oshie, Michal Handzus - PK : Chris Kunitz
Extra Defensemen
Normal : Shaone Morrisonn, Erik Karlsson, Trevor Daley - PP : Shaone Morrisonn - PK : Erik Karlsson, Trevor Daley
Penalty Shots
John Tavares, Patrick Marleau, Peter Worrell, Scott Hartnell, Ryan Getzlaf
% Time on Ice - Blackhawks
Lines # - Real PCT - Wanted PCT - Time Play
Normal Forward
1 - 37% - 40% - 13:58
2 - 25% - 30% - 9:42
3 - 20% - 20% - 7:33
4 - 18% - 10% - 6:53
Normal Defense
1 - 41% - 40% - 15:32
2 - 36% - 30% - 13:37
3 - 22% - 20% - 8:12
4 - 2% - 10% - 0:45
PP Forward
1 - 56% - 60% - 5:02
2 - 44% - 40% - 3:54
PP Defense
1 - 57% - 60% - 5:06
2 - 43% - 40% - 3:50
PK Forward
1 - 76% - 60% - 6:55
2 - 24% - 40% - 2:09
PK Defense
1 - 72% - 60% - 6:31
2 - 28% - 40% - 2:33
PK3 Forward
1 - 0% - 60%
2 - 0% - 40%
PK3 Defense
1 - 0% - 60%
2 - 0% - 40%
44 Forward
1 - 87% - 60% - 2:35
2 - 13% - 40% - 0:23
44 Defense
1 - 61% - 60% - 1:49
2 - 39% - 40% - 1:09
Last Minute Offensive - 0:00
Last Minute Defensive - 0:56
Total
Forward - 60:00
Defense - 60:00
|
% Time on Ice - Stars
Lines # - Real PCT - Wanted PCT - Time Play
Normal Forward
1 - 34% - 36% - 13:01
2 - 28% - 30% - 10:48
3 - 21% - 20% - 8:05
4 - 16% - 14% - 6:12
Normal Defense
1 - 47% - 40% - 17:49
2 - 32% - 30% - 12:06
3 - 17% - 20% - 6:38
4 - 4% - 10% - 1:33
PP Forward
1 - 69% - 60% - 6:16
2 - 31% - 40% - 2:48
PP Defense
1 - 56% - 60% - 5:04
2 - 44% - 40% - 4:00
PK Forward
1 - 74% - 60% - 6:39
2 - 26% - 40% - 2:17
PK Defense
1 - 55% - 60% - 4:53
2 - 45% - 40% - 4:03
PK3 Forward
1 - 0% - 60%
2 - 0% - 40%
PK3 Defense
1 - 0% - 60%
2 - 0% - 40%
44 Forward
1 - 66% - 60% - 1:58
2 - 34% - 40% - 1:00
44 Defense
1 - 74% - 60% - 2:11
2 - 26% - 40% - 0:47
Last Minute Offensive - 0:56
Last Minute Defensive - 0:00
Total
Forward - 60:00
Defense - 60:00
|
Play by Play
1st period
0:01 of 1st period - Derick Brassard wins face-off versus Radim Vrbata in neutral zone.
0:31 of 1st period - Jonathan Toews is hit by Patrick Marleau.
0:45 of 1st period - Andrei Markov is hit by Tomas Fleischmann and loses puck.
0:50 of 1st period - Slapshot by Peter Regin.
0:50 of 1st period - Shot Misses the Net.
0:52 of 1st period - Slapshot by Tomas Fleischmann.
0:52 of 1st period - Stopped by Pascal Leclaire without a rebound.
0:53 of 1st period - Kyle Brodziak wins face-off versus Michal Handzus in Stars zone.
0:56 of 1st period - Snap shot by Kyle Brodziak.
0:56 of 1st period - Shot Blocked by Trevor Daley.
1:18 of 1st period - Kurt Sauer is hit by John Tavares and loses puck.
1:23 of 1st period - Wrist shot by John Tavares.
1:23 of 1st period - Stopped by Al Montoya without a rebound.
1:24 of 1st period - Jonathan Toews wins face-off versus Ryan Getzlaf in Blackhawks zone.
1:26 of 1st period - Minor Penalty to Jonathan Toews for High sticking.
1:27 of 1st period - John Tavares wins face-off versus Peter Regin in Blackhawks zone.
1:53 of 1st period - Antoine Roussel is hit by Evgeny Artyukhin and loses puck.
1:58 of 1st period - Snap shot by Evgeny Artyukhin.
1:58 of 1st period - Stopped by Al Montoya without a rebound.
1:59 of 1st period - Evgeny Artyukhin wins face-off versus Peter Regin in Blackhawks zone.
2:00 of 1st period - Snap shot by Patrick Marleau.
2:00 of 1st period - Shot Blocked by Brendan Bell.
2:10 of 1st period - Slapshot by Evgeny Artyukhin.
2:10 of 1st period - Shot Blocked by Denis Grebeshkov.
2:12 of 1st period - Slapshot by Trevor Daley.
2:12 of 1st period - Stopped by Al Montoya without a rebound.
2:13 of 1st period - John Tavares wins face-off versus Peter Regin in Blackhawks zone.
2:14 of 1st period - Wrist shot by Radim Vrbata.
2:14 of 1st period - Shot Misses the Net.
2:16 of 1st period - Slapshot by Erik Karlsson.
2:16 of 1st period - Stopped by Al Montoya without a rebound.
2:17 of 1st period - Peter Regin wins face-off versus John Tavares in Blackhawks zone.
3:11 of 1st period - Denis Grebeshkov is hit by Andrei Markov and loses puck.
3:26 of 1st period - Penalty to Jonathan Toews is over, Jonathan Toews is back on ice.
3:46 of 1st period - Peter Worrell is hit by Antoine Roussel.
5:20 of 1st period - Slapshot by Erik Karlsson.
5:20 of 1st period - Shot Blocked by Peter Regin.
5:38 of 1st period - Minor Penalty to Tomas Fleischmann for High sticking.
5:39 of 1st period - Peter Regin wins face-off versus John Tavares in Blackhawks zone.
5:48 of 1st period - Denis Grebeshkov is hit by Scott Hartnell.
6:02 of 1st period - Kurt Sauer is hit by John Tavares and loses puck.
6:23 of 1st period - Oleg Saprykin is hit by Radim Vrbata.
6:31 of 1st period - Wrist shot by John Tavares.
6:31 of 1st period - Shot Misses the Net.
7:01 of 1st period - Wrist shot by John Tavares.
7:01 of 1st period - Stopped by Al Montoya with a rebound.
7:09 of 1st period - Wrist shot by Radim Vrbata.
7:09 of 1st period - Shot Blocked by Joni Pitkanen.
7:11 of 1st period - Snap shot by Scott Hartnell.
7:11 of 1st period - Stopped by Al Montoya with a rebound.
7:13 of 1st period - Slapshot by Andrei Markov.
7:13 of 1st period - Shot Misses the Net.
7:19 of 1st period - Wrist shot by John Tavares.
7:19 of 1st period - Shot Blocked by Joni Pitkanen.
7:21 of 1st period - Snap shot by Andrei Markov.
7:21 of 1st period - Stopped by Al Montoya without a rebound.
7:22 of 1st period - Ryan Getzlaf wins face-off versus Jonathan Toews in Blackhawks zone.
7:38 of 1st period - Penalty to Tomas Fleischmann is over, Tomas Fleischmann is back on ice.
7:56 of 1st period - Slapshot by Brian Lee.
7:56 of 1st period - Stopped by Al Montoya with a rebound.
8:08 of 1st period - T.J. Oshie is hit by Jonathan Toews and loses puck.
8:52 of 1st period - Shaone Morrisonn is hit by Ian White and loses puck.
9:33 of 1st period - Antoine Roussel is hit by Andrei Markov.
9:42 of 1st period - Icing by T.J. Oshie.
9:43 of 1st period - Ryan Getzlaf wins face-off versus Peter Regin in Stars zone.
10:16 of 1st period - Johnny Oduya is hit by Ryan Hollweg and loses puck.
10:49 of 1st period - Patrick Marleau is hit by Oleg Saprykin and loses puck.
11:14 of 1st period - Slapshot by Andrei Markov.
11:14 of 1st period - Shot Blocked by Denis Grebeshkov.
12:14 of 1st period - Snap shot by Kyle Brodziak.
12:14 of 1st period - Stopped by Pascal Leclaire with a rebound.
12:50 of 1st period - Backhand shot by Patrick Kaleta.
12:50 of 1st period - Stopped by Pascal Leclaire without a rebound.
12:51 of 1st period - Ryan Getzlaf wins face-off versus Peter Regin in Stars zone.
13:03 of 1st period - Minor Penalty to Peter Regin for Tripping.
13:04 of 1st period - Patrick Kaleta wins face-off versus John Tavares in Blackhawks zone.
14:08 of 1st period - Patrick Marleau is hit by Jonathan Toews.
15:03 of 1st period - Penalty to Peter Regin is over, Peter Regin is back on ice.
15:12 of 1st period - Joni Pitkanen is hit by Trevor Daley and loses puck.
15:53 of 1st period - John Tavares is hit by Kyle Brodziak and loses puck.
16:06 of 1st period - Trevor Daley is hit by Antoine Roussel and loses puck.
16:43 of 1st period - Erik Karlsson is hit by Oleg Saprykin and loses puck.
17:00 of 1st period - Trevor Daley is hit by Ryan Hollweg and loses puck.
17:11 of 1st period - Derick Brassard is hit by Evgeny Artyukhin and loses puck.
17:39 of 1st period - Minor Penalty to Andrei Markov for Hooking.
17:40 of 1st period - Michal Handzus wins face-off versus Antoine Roussel in Stars zone.
17:40 of 1st period - Michal Handzus is hit by Antoine Roussel.
18:10 of 1st period - Slapshot by Denis Grebeshkov.
18:10 of 1st period - Stopped by Pascal Leclaire with a rebound.
19:39 of 1st period - Penalty to Andrei Markov is over, Andrei Markov is back on ice.
19:49 of 1st period - Joni Pitkanen is hit by Radim Vrbata and loses puck.
Goals for this period are 0 for Blackhawks vs 0 for Stars.
Shots for this period are 4 for Blackhawks vs 8 for Stars.
2nd period
0:01 of 2nd period - John Tavares wins face-off versus Antoine Roussel in neutral zone.
0:27 of 2nd period - Off-side.
0:28 of 2nd period - Ryan Getzlaf wins face-off versus Jonathan Toews in neutral zone.
0:35 of 2nd period - Wrist shot by Ian White.
0:35 of 2nd period - Shot Misses the Net.
0:41 of 2nd period - Snap shot by Ryan Hollweg.
0:41 of 2nd period - Stopped by Pascal Leclaire with a rebound.
0:43 of 2nd period - Wrist shot by Jonathan Toews.
0:43 of 2nd period - Stopped by Pascal Leclaire with a rebound.
1:22 of 2nd period - Snap shot by Patrick Kaleta.
1:22 of 2nd period - Stopped by Pascal Leclaire without a rebound.
1:23 of 2nd period - John Tavares wins face-off versus Jonathan Toews in Stars zone.
1:23 of 2nd period - John Tavares is hit by Jonathan Toews.
1:31 of 2nd period - Slapshot by Shaone Morrisonn.
1:31 of 2nd period - Shot Blocked by Ryan Hollweg.
2:00 of 2nd period - Snap shot by Derick Brassard.
2:00 of 2nd period - Shot Misses the Net.
2:34 of 2nd period - Snap shot by Kyle Brodziak.
2:34 of 2nd period - Shot Misses the Net.
2:36 of 2nd period - Slapshot by Carson Mcmillan.
2:36 of 2nd period - Deflect By Kyle Brodziak.
2:36 of 2nd period - Shot Misses the Net.
2:36 of 2nd period - Puck is out of play.
2:37 of 2nd period - Derick Brassard wins face-off versus John Tavares in Stars zone.
2:40 of 2nd period - Snap shot by Derick Brassard.
2:40 of 2nd period - Goal by Derick Brassard - Blackhawks : 1 - Stars : 0.
2:41 of 2nd period - Antoine Roussel wins face-off versus John Tavares in neutral zone.
2:41 of 2nd period - Derick Brassard is hit by Radim Vrbata and loses puck.
3:59 of 2nd period - T.J. Oshie is hit by Brendan Bell and loses puck.
4:12 of 2nd period - Snap shot by John Tavares.
4:12 of 2nd period - Stopped by Al Montoya with a rebound.
4:14 of 2nd period - Wrist shot by Trevor Daley.
4:14 of 2nd period - Shot Blocked by Denis Grebeshkov.
4:16 of 2nd period - Snap shot by Andrei Markov.
4:16 of 2nd period - Deflect By Kurt Sauer.
4:16 of 2nd period - Stopped by Al Montoya without a rebound.
4:17 of 2nd period - John Tavares wins face-off versus Antoine Roussel in Blackhawks zone.
4:40 of 2nd period - Snap shot by John Tavares.
4:40 of 2nd period - Stopped by Al Montoya with a rebound.
4:42 of 2nd period - Wrist shot by John Tavares.
4:42 of 2nd period - Shot Misses the Net.
4:44 of 2nd period - Slapshot by Scott Hartnell.
4:44 of 2nd period - Shot Blocked by Antoine Roussel.
4:46 of 2nd period - Slapshot by Andrei Markov.
4:46 of 2nd period - Deflect By Patrick Kane.
4:46 of 2nd period - Stopped by Al Montoya with a rebound.
4:48 of 2nd period - Slapshot by Andrei Markov.
4:48 of 2nd period - Shot Misses the Net.
4:50 of 2nd period - Slapshot by Andrei Markov.
4:50 of 2nd period - Shot Blocked by Kurt Sauer.
5:05 of 2nd period - Minor Penalty to Andrei Markov for Tripping.
5:06 of 2nd period - Michal Handzus wins face-off versus Jonathan Toews in Stars zone.
5:44 of 2nd period - Snap shot by Shaone Morrisonn.
5:44 of 2nd period - Stopped by Al Montoya with a rebound.
6:46 of 2nd period - Patrick Marleau is hit by Peter Regin and loses puck.
7:05 of 2nd period - Penalty to Andrei Markov is over, Andrei Markov is back on ice.
7:21 of 2nd period - Snap shot by Kyle Brodziak.
7:21 of 2nd period - Shot Blocked by Shaone Morrisonn.
8:03 of 2nd period - Patrick Marleau is hit by Kurt Sauer and loses puck.
8:58 of 2nd period - Wrist shot by Ryan Getzlaf.
8:58 of 2nd period - Shot Blocked by Ian White.
10:08 of 2nd period - Slapshot by T.J. Oshie.
10:08 of 2nd period - Shot Misses the Net.
10:18 of 2nd period - Slapshot by Niclas Bergfors.
10:18 of 2nd period - Stopped by Pascal Leclaire without a rebound.
10:19 of 2nd period - Jonathan Toews wins face-off versus Ryan Getzlaf in Stars zone.
11:05 of 2nd period - Trevor Daley is hit by Brendan Bell.
11:09 of 2nd period - Dave Tanabe is hit by Ryan Getzlaf and loses puck.
14:16 of 2nd period - Slapshot by Ryan Hollweg.
14:16 of 2nd period - Goal by Ryan Hollweg - Blackhawks : 2 - Stars : 0.
14:17 of 2nd period - Derick Brassard wins face-off versus John Tavares in neutral zone.
14:43 of 2nd period - Erik Karlsson is hit by Niclas Bergfors and loses puck.
14:52 of 2nd period - Snap shot by Ryan Hollweg.
14:52 of 2nd period - Shot Blocked by Evgeny Artyukhin.
14:54 of 2nd period - Backhand shot by Joni Pitkanen.
14:54 of 2nd period - Shot Blocked by Brian Lee.
15:00 of 2nd period - Minor Penalty to Ryan Getzlaf for Holding Stick.
15:01 of 2nd period - Derick Brassard wins face-off versus Michal Handzus in Stars zone.
15:42 of 2nd period - Slapshot by Jonathan Toews.
15:42 of 2nd period - Shot Blocked by Peter Worrell.
15:44 of 2nd period - Slapshot by Dave Tanabe.
15:44 of 2nd period - Deflect By Andrei Markov.
15:44 of 2nd period - Stopped by Pascal Leclaire with a rebound.
15:46 of 2nd period - Slapshot by Denis Grebeshkov.
15:46 of 2nd period - Shot Misses the Net.
15:48 of 2nd period - Snap shot by Ryan Hollweg.
15:48 of 2nd period - Shot Misses the Net.
16:21 of 2nd period - Trevor Daley is hit by Antoine Roussel and loses puck.
17:00 of 2nd period - Penalty to Ryan Getzlaf is over, Ryan Getzlaf is back on ice.
17:34 of 2nd period - Oleg Saprykin is hit by Ryan Getzlaf and loses puck.
17:39 of 2nd period - Wrist shot by John Tavares.
17:39 of 2nd period - Stopped by Al Montoya with a rebound.
17:41 of 2nd period - Slapshot by Brian Lee.
17:41 of 2nd period - Shot Blocked by Denis Grebeshkov.
17:53 of 2nd period - Oleg Saprykin is hit by Patrick Marleau and loses puck.
18:12 of 2nd period - Slapshot by Kyle Brodziak.
18:12 of 2nd period - Stopped by Pascal Leclaire with a rebound.
18:14 of 2nd period - Slapshot by Denis Grebeshkov.
18:14 of 2nd period - Stopped by Pascal Leclaire with a rebound.
18:16 of 2nd period - Snap shot by Oleg Saprykin.
18:16 of 2nd period - Shot Misses the Net.
18:18 of 2nd period - Wrist shot by Denis Grebeshkov.
18:18 of 2nd period - Stopped by Pascal Leclaire without a rebound.
18:18 of 2nd period - Minor Penalty to Dave Tanabe for Holding.
18:19 of 2nd period - Peter Regin wins face-off versus T.J. Oshie in Blackhawks zone.
18:30 of 2nd period - Snap shot by Trevor Daley.
18:30 of 2nd period - Shot Blocked by Joni Pitkanen.
Goals for this period are 2 for Blackhawks vs 0 for Stars.
Shots for this period are 10 for Blackhawks vs 6 for Stars.
3rd period
0:01 of 3rd period - John Tavares wins face-off versus Peter Regin in neutral zone.
0:10 of 3rd period - Snap shot by John Tavares.
0:10 of 3rd period - Shot Misses the Net.
0:18 of 3rd period - Penalty to Dave Tanabe is over, Dave Tanabe is back on ice.
0:20 of 3rd period - Snap shot by Peter Regin.
0:20 of 3rd period - Stopped by Pascal Leclaire with a rebound.
0:22 of 3rd period - Snap shot by Dave Tanabe.
0:22 of 3rd period - Stopped by Pascal Leclaire without a rebound.
0:23 of 3rd period - Derick Brassard wins face-off versus Ryan Getzlaf in Stars zone.
1:01 of 3rd period - Slapshot by John Tavares.
1:01 of 3rd period - Stopped by Al Montoya without a rebound.
1:02 of 3rd period - Marcus Kruger wins face-off versus Patrick Kane in Blackhawks zone.
1:05 of 3rd period - Slapshot by Marcus Kruger.
1:05 of 3rd period - Shot Misses the Net.
1:07 of 3rd period - Snap shot by Marcus Kruger.
1:07 of 3rd period - Stopped by Al Montoya without a rebound.
1:08 of 3rd period - Marcus Kruger wins face-off versus Derick Brassard in Blackhawks zone.
1:09 of 3rd period - Wrist shot by T.J. Oshie.
1:09 of 3rd period - Stopped by Al Montoya with a rebound.
1:11 of 3rd period - Slapshot by Erik Karlsson.
1:11 of 3rd period - Deflect By Ian White.
1:11 of 3rd period - Stopped by Al Montoya without a rebound.
1:12 of 3rd period - Derick Brassard wins face-off versus Marcus Kruger in Blackhawks zone.
1:29 of 3rd period - Ian White is hit by Brian Lee and loses puck.
2:02 of 3rd period - Slapshot by Marcus Kruger.
2:02 of 3rd period - Deflect By Peter Worrell.
2:02 of 3rd period - Stopped by Al Montoya with a rebound.
2:04 of 3rd period - Snap shot by T.J. Oshie.
2:04 of 3rd period - Stopped by Al Montoya without a rebound.
2:05 of 3rd period - Jonathan Toews wins face-off versus Scott Hartnell in Blackhawks zone.
2:29 of 3rd period - Icing by Johnny Oduya.
2:30 of 3rd period - John Tavares wins face-off versus Peter Regin in Stars zone.
2:39 of 3rd period - Wrist shot by Evgeny Artyukhin.
2:39 of 3rd period - Goal by Evgeny Artyukhin - Blackhawks : 2 - Stars : 1.
2:40 of 3rd period - Derick Brassard wins face-off versus John Tavares in neutral zone.
2:55 of 3rd period - Wrist shot by Radim Vrbata.
2:55 of 3rd period - Stopped by Al Montoya without a rebound.
2:56 of 3rd period - Jonathan Toews wins face-off versus Ryan Getzlaf in Blackhawks zone.
3:05 of 3rd period - Wrist shot by Niclas Bergfors.
3:05 of 3rd period - Shot Misses the Net.
3:07 of 3rd period - Snap shot by Jonathan Toews.
3:07 of 3rd period - Deflect By Ryan Hollweg.
3:07 of 3rd period - Shot Misses the Net.
3:07 of 3rd period - Puck is out of play.
3:08 of 3rd period - Derick Brassard wins face-off versus John Tavares in Stars zone.
3:18 of 3rd period - Minor Penalty to Derick Brassard for Hooking.
3:19 of 3rd period - Scott Hartnell wins face-off versus Peter Regin in Blackhawks zone.
3:24 of 3rd period - Minor Penalty to Brian Lee for High sticking.
3:25 of 3rd period - John Tavares wins face-off versus Tomas Fleischmann in Stars zone.
3:34 of 3rd period - Snap shot by John Tavares.
3:34 of 3rd period - Stopped by Al Montoya with a rebound.
3:36 of 3rd period - Slapshot by Shaone Morrisonn.
3:36 of 3rd period - Shot Misses the Net.
3:38 of 3rd period - Slapshot by Johnny Oduya.
3:38 of 3rd period - Shot Blocked by Ian White.
3:40 of 3rd period - Slapshot by Johnny Oduya.
3:40 of 3rd period - Stopped by Al Montoya with a rebound.
3:50 of 3rd period - Shaone Morrisonn is hit by Ian White and loses puck.
4:25 of 3rd period - Snap shot by Marcus Kruger.
4:25 of 3rd period - Stopped by Al Montoya with a rebound.
4:27 of 3rd period - Snap shot by Michal Handzus.
4:27 of 3rd period - Stopped by Al Montoya with a rebound.
4:29 of 3rd period - Wrist shot by Michal Handzus.
4:29 of 3rd period - Shot Misses the Net.
4:31 of 3rd period - Snap shot by Andrei Markov.
4:31 of 3rd period - Shot Blocked by Kurt Sauer.
4:33 of 3rd period - Slapshot by Trevor Daley.
4:33 of 3rd period - Shot Misses the Net.
4:43 of 3rd period - John Tavares is hit by Antoine Roussel.
5:00 of 3rd period - Oleg Saprykin is hit by Scott Hartnell and loses puck.
5:18 of 3rd period - Penalty to Derick Brassard is over, Derick Brassard is back on ice.
5:24 of 3rd period - Penalty to Brian Lee is over, Brian Lee is back on ice.
5:35 of 3rd period - Backhand shot by Peter Regin.
5:35 of 3rd period - Shot Misses the Net.
5:38 of 3rd period - Icing by Johnny Oduya.
5:39 of 3rd period - Peter Worrell wins face-off versus Niclas Bergfors in Stars zone.
5:55 of 3rd period - Wrist shot by Niclas Bergfors.
5:55 of 3rd period - Stopped by Pascal Leclaire with a rebound.
6:05 of 3rd period - Johnny Oduya is hit by Derick Brassard and loses puck.
6:21 of 3rd period - Icing by Dave Tanabe.
6:22 of 3rd period - Michal Handzus wins face-off versus Derick Brassard in Blackhawks zone.
6:22 of 3rd period - Michal Handzus is hit by Brendan Bell.
6:36 of 3rd period - Snap shot by Anthony Stewart.
6:36 of 3rd period - Shot Misses the Net.
6:48 of 3rd period - Wrist shot by Niclas Bergfors.
6:48 of 3rd period - Shot Blocked by Brian Lee.
6:50 of 3rd period - Slapshot by Dave Tanabe.
6:50 of 3rd period - Shot Misses the Net.
6:52 of 3rd period - Snap shot by Dave Tanabe.
6:52 of 3rd period - Stopped by Pascal Leclaire without a rebound.
6:53 of 3rd period - Niclas Bergfors wins face-off versus Ryan Getzlaf in Stars zone.
6:54 of 3rd period - Snap shot by Jonathan Toews.
6:54 of 3rd period - Stopped by Pascal Leclaire without a rebound.
6:55 of 3rd period - Ryan Hollweg wins face-off versus Ryan Getzlaf in Stars zone.
6:56 of 3rd period - Slapshot by Jonathan Toews.
6:56 of 3rd period - Goal by Jonathan Toews - Blackhawks : 3 - Stars : 1.
6:57 of 3rd period - John Tavares wins face-off versus Derick Brassard in neutral zone.
7:22 of 3rd period - Icing by Andrei Markov.
7:23 of 3rd period - Ryan Getzlaf wins face-off versus Niclas Bergfors in Stars zone.
8:14 of 3rd period - Snap shot by Marcus Kruger.
8:14 of 3rd period - Goal by Marcus Kruger - Blackhawks : 3 - Stars : 2.
8:15 of 3rd period - Radim Vrbata wins face-off versus Derick Brassard in neutral zone.
8:18 of 3rd period - Snap shot by John Tavares.
8:18 of 3rd period - Stopped by Al Montoya without a rebound.
8:19 of 3rd period - John Tavares wins face-off versus Derick Brassard in Blackhawks zone.
9:18 of 3rd period - Snap shot by Michal Handzus.
9:18 of 3rd period - Stopped by Al Montoya with a rebound.
9:24 of 3rd period - Chris Kunitz is hit by Antoine Roussel and loses puck.
9:29 of 3rd period - Snap shot by Patrick Kane.
9:29 of 3rd period - Stopped by Pascal Leclaire without a rebound.
9:30 of 3rd period - John Tavares wins face-off versus Jonathan Toews in Stars zone.
9:56 of 3rd period - Trevor Daley is hit by Peter Regin and loses puck.
11:07 of 3rd period - Snap shot by Peter Regin.
11:07 of 3rd period - Stopped by Pascal Leclaire with a rebound.
11:32 of 3rd period - Backhand shot by T.J. Oshie.
11:32 of 3rd period - Deflect By Ian White.
11:32 of 3rd period - Shot Misses the Net.
11:32 of 3rd period - Puck is out of play.
11:33 of 3rd period - Marcus Kruger wins face-off versus Jonathan Toews in Blackhawks zone.
12:13 of 3rd period - Minor Penalty to Scott Hartnell for Tripping.
12:14 of 3rd period - Antoine Roussel wins face-off versus Michal Handzus in Stars zone.
13:20 of 3rd period - Slapshot by Chris Kunitz.
13:20 of 3rd period - Stopped by Al Montoya with a rebound.
13:22 of 3rd period - Slapshot by Andrei Markov.
13:22 of 3rd period - Stopped by Al Montoya without a rebound.
13:23 of 3rd period - Derick Brassard wins face-off versus Chris Kunitz in Blackhawks zone.
14:13 of 3rd period - Penalty to Scott Hartnell is over, Scott Hartnell is back on ice.
14:18 of 3rd period - Andrei Markov is hit by Peter Regin and loses puck.
14:25 of 3rd period - Slapshot by Erik Karlsson.
14:25 of 3rd period - Deflect By Tomas Fleischmann.
14:25 of 3rd period - Stopped by Al Montoya without a rebound.
14:26 of 3rd period - John Tavares wins face-off versus Peter Regin in Blackhawks zone.
14:42 of 3rd period - Minor Penalty to Peter Regin for Roughing.
14:43 of 3rd period - Patrick Kaleta wins face-off versus John Tavares in Blackhawks zone.
15:36 of 3rd period - Minor Penalty to Erik Karlsson for Tripping.
15:37 of 3rd period - Derick Brassard wins face-off versus John Tavares in Stars zone.
15:38 of 3rd period - Snap shot by Antoine Roussel.
15:38 of 3rd period - Goal by Antoine Roussel - Blackhawks : 4 - Stars : 2.
15:39 of 3rd period - John Tavares wins face-off versus Derick Brassard in neutral zone.
16:42 of 3rd period - Penalty to Peter Regin is over, Peter Regin is back on ice.
16:51 of 3rd period - Snap shot by Chris Kunitz.
16:51 of 3rd period - Shot Misses the Net.
17:36 of 3rd period - Penalty to Erik Karlsson is over, Erik Karlsson is back on ice.
17:53 of 3rd period - Radim Vrbata is hit by Carson Mcmillan and loses puck.
18:10 of 3rd period - Slapshot by Denis Grebeshkov.
18:10 of 3rd period - Shot Blocked by Brian Lee.
18:36 of 3rd period - Wrist shot by Niclas Bergfors.
18:36 of 3rd period - Stopped by Pascal Leclaire with a rebound.
18:55 of 3rd period - Minor Penalty to Derick Brassard for Hooking.
18:56 of 3rd period - Peter Regin wins face-off versus John Tavares in Blackhawks zone.
19:01 of 3rd period - Slapshot by Scott Hartnell.
19:01 of 3rd period - Shot Misses the Net.
19:03 of 3rd period - Wrist shot by Scott Hartnell.
19:03 of 3rd period - Goal by Scott Hartnell - Blackhawks : 4 - Stars : 3.
19:04 of 3rd period - Jonathan Toews wins face-off versus John Tavares in neutral zone.
19:18 of 3rd period - Stars, Pascal Leclaire is pulled from the net.
19:22 of 3rd period - Snap shot by John Tavares.
19:22 of 3rd period - Stopped by Al Montoya with a rebound.
19:36 of 3rd period - Wrist shot by John Tavares.
19:36 of 3rd period - Shot Blocked by Antoine Roussel.
19:38 of 3rd period - Wrist shot by John Tavares.
19:38 of 3rd period - Stopped by Al Montoya without a rebound.
19:39 of 3rd period - Barry Trotz call a timeout for Stars.
19:39 of 3rd period - John Tavares wins face-off versus Patrick Kane in Blackhawks zone.
19:46 of 3rd period - Wrist shot by Radim Vrbata.
19:46 of 3rd period - Shot Blocked by Antoine Roussel.
19:54 of 3rd period - Wrist shot by Radim Vrbata.
19:54 of 3rd period - Stopped by Al Montoya without a rebound.
19:55 of 3rd period - John Tavares wins face-off versus Jonathan Toews in Blackhawks zone.
Goals for this period are 2 for Blackhawks vs 3 for Stars.
Shots for this period are 10 for Blackhawks vs 22 for Stars.
Back to the Top